 Dungeon Crawl Stone Soup version 0.22.1-2-g9c5b331 (webtiles) character file.

48530 Mikauls the Executioner (level 14, 0/127 HPs)
             Began as a Minotaur Berserker on Nov 18, 2018.
             Was a High Priest of Trog.
             Succumbed to a swamp dragon's poison gas
             ... on level 1 of the Swamp.
             The game lasted 01:30:43 (18651 turns).

Mikauls the Executioner (Minotaur Berserker)       Turns: 18651, Time: 01:30:48

Health: 0/127      AC: 17    Str: 24 (26) XL:     14   Next: 12%
Magic:  14/14      EV: 19    Int:  3 (5)  God:    Trog [*****.]
Gold:   838        SH:  0    Dex: 14 (16) Spells: 13/13 levels left

rFire    x . .     SeeInvis .   a - +4 executioner's axe (flame)
rCold    . . .     Gourm    .   (shield currently unavailable)
rNeg     . . .     Faith    .   J - +6 scale mail of Generosity {rElec rF- rCorr Dex+4}
rPois    .         Spirit   .   (helmet unavailable)
rElec    +         Reflect  .   u - +0 cloak
rCorr    +         Harm     .   (no gloves)
MR       +++..     Rnd*Rage +   e - +0 pair of boots
Stlth    +.........             (no amulet)
HPRegen  1.31/turn              A - ring of stealth
MPRegen  0.14/turn              x - +5 ring of evasion

@: lethally poisoned (0 -> -31), regenerating, very slow
A: retaliatory headbutt, claws 1, horns 3, agile 1, berserk 1
a: Berserk, Trog's Hand, Brothers in Arms, Renounce Religion


You were on level 1 of the Swamp.
You worshipped Trog.
Trog was extremely pleased with you.
You were hungry.

You visited 6 branches of the dungeon, and saw 20 of its levels.

You collected 1300 gold pieces.
You spent 462 gold pieces at shops.

Inventory:

Hand Weapons
 a - a +4 executioner's axe of flaming (weapon)
 H - the +10 executioner's axe of the Blind Eye {freeze, rF+ rC- rN+ Int+4}
   (You bought it in a shop on level 6 of the Dungeon)

   It has been specially enchanted to freeze those struck by it, causing extra
   injury to most foes and up to half again as much damage against particularly
   susceptible opponents.
   It can also slow down cold-blooded creatures.
   It affects your intelligence (+4).
   It protects you from fire.
   It makes you vulnerable to cold.
   It protects you from negative energy.
Missiles
 I - 4 silver tomahawks (quivered)
Armour
 e - a +0 pair of boots (worn)
 u - a +0 cloak (worn)
 J - the +6 scale mail of Generosity (worn) {rElec rF- rCorr Dex+4}
   (You found it on level 2 of the Lair of Beasts)

   It affects your dexterity (+4).
   It makes you vulnerable to fire.
   It insulates you from electricity.
   It provides partial protection from all sources of acid and corrosion.
Jewellery
 x - a +5 ring of evasion (right claw)
 A - a ring of stealth (left claw)
 D - an uncursed ring of flight
Wands
 m - a wand of acid (14)
 p - a wand of iceblast (36)
 w - a wand of flame (18)
 y - a wand of paralysis (11)
Scrolls
 f - 5 scrolls of teleportation
 h - a scroll of immolation
 l - a scroll of remove curse
 o - a scroll of identify
 q - 3 scrolls of magic mapping
 r - 3 scrolls of fear
 z - 7 scrolls of enchant weapon
 E - 3 scrolls of enchant armour
 G - 2 scrolls of fog
Potions
 b - 5 potions of curing
 d - 6 potions of lignification
 g - 5 potions of haste
 i - a potion of agility
 j - a potion of invisibility
 n - 3 potions of might
 s - 2 potions of brilliance
 t - 2 potions of cancellation
 v - 2 potions of resistance
 F - 2 potions of flight
Miscellaneous
 B - a phantom mirror
Comestibles
 c - 31 rations
 k - 7 chunks of flesh


   Skills:
 + Level 12.3 Fighting
 * Level 21.1 Axes
 + Level 1.3 Throwing
 + Level 10.7 Armour
 + Level 7.4 Dodging
 - Level 1.0 Stealth
   Level 4.0 Shields
 + Level 1.9 Evocations


You had 13 spell levels left.
You didn't know any spells.
Your spell library was empty.

Dungeon Overview and Level Annotations

Branches:
Dungeon (9/15)             Temple (0/1) D:6            Lair (6/6) D:8
  Swamp (1/4) Lair:3        Snake (1/4) Lair:3        Slime (1/5) Lair:6
    Orc (2/2) D:9
    Elf: Orc:2

Altars:
Cheibriados
Elyvilon
Fedhas
Gozag
Hepliaklqana
Makhleb
Nemelex Xobeh
Okawaru
Ru
Trog
Wu Jian
Xom
Zin
The Shining One
Beogh
Jiyva

Shops:
D:6 (

Annotations:
D:6 1 runed door, blackflag1's ghost, novice SpCj


Innate Abilities, Weirdness & Mutations

You reflexively headbutt those who attack you in melee.
You have a pair of large horns on your head.
You have sharp fingernails.
You are agile. (Dex +2)
You tend to lose your temper in combat.


Message History

The swamp dragon breathes poison at you.
The blast of poison engulfs you!
You are more poisoned.
You are engulfed in poison gas.
You are more poisoned.
* * * LOW HITPOINT WARNING * * *
You feel very sick.
You enter the shallow water.
Moving in this stuff is going to be slow.
* * * LOW HITPOINT WARNING * * *
You feel extremely sick.
The swamp dragon breathes poison at you.
The blast of poison misses you.
Your skin crawls.
You feel resistant to hostile enchantments.
You are feeling hungry.
You are engulfed in poison gas.
You are more poisoned.
* * * LOW HITPOINT WARNING * * *
You die...

≈≈≈≈≈≈≈..♣♣.≈≈≈≈≈≈≈≈≈≈.≈♣
...≈≈≈..§♣ ≈.≈≈≈≈≈≈≈≈..♣
.....≈♣♣♣♣ ♣♣.♣..≈§...♣♣♣♣♣
≈≈.♣♣♣♣ ♣§.$D......≈...♣♣
≈≈≈♣♣ ♣♣.§.§♣♣≈.≈..≈≈≈≈♣♣
....♣♣♣ ♣§≈≈≈§♣♣♣.≈≈..≈≈.≈♣
.♣♣...♣♣ ♣≈≈≈§≈♣♣♣..≈≈≈.≈..♣
.♣♣.≈..♣ ♣♣.§§§♣♣≈≈≈≈≈..≈≈.♣
♣♣.≈≈≈§♣ ♣♣♣§§@§§≈..§≈≈..≈♣
♣♣.≈≈≈♣♣ ♣§§§§§.†.§≈.§♣♣♣
♣.≈≈≈≈♣♣ ♣♣♣§≈≈≈.♣♣......♣
♣.≈≈≈..♣♣♣♣)≈≈≈≈.♣≈........≈
♣.≈≈≈.≈.♣≈.≈≈≈≈>.♣......≈.≈≈
♣.≈≈≈...........♣♣♣♣♣♣..♣♣..
♣≈..≈..≈≈..♣♣♣♣..♣♣≈.♣...♣♣.
..♣♣.≈≈....♣♣ ♣.≈.≈≈§.≈≈.>♣
≈. ♣.≈≈≈≈..♣ ♣♣≈≈.≈≈....♣♣.


You could see a swamp dragon.

Vanquished Creatures
  9 hydras
  A catoblepas (Lair:5)
  A two-headed ogre (D:8)
  Sonja (Lair:1)
  A necromancer (Lair:5)
  An oklob plant (Lair:3)
  A manticore (Lair:6)
  9 elephants
  A shining eye (Slime:1)
  An eye of devastation (Slime:1)
  A wolf spider (Lair:6)
  7 black mambas
  Joseph (D:7)
  A torpor snail (Lair:5)
  26 spiny frogs
  2 rime drakes (Lair:3)
  6 komodo dragons
  A polar bear (Lair:4)
  8 tyrant leeches
  17 blink frogs
  Prince Ribbit (D:8)
  A dream sheep (Lair:1)
  4 hippogriffs
  3 slime creatures (Slime:1)
  3 spriggans
  A shadow (D:8)
  3 basilisks
  3 fire bats (Lair:1)
  2 hungry ghosts
  31 yaks
  A steam dragon (Lair:3)
  6 vampire mosquitoes
  Menkaure (D:4)
  Edmund (D:4)
  4 nagas (Lair:3)
  4 swamp worms
  6 insubstantial wisps (Swamp:1)
  Duvessa (D:7)
  6 water moccasins
  3 elephant zombies (Lair:5)
  10 porcupines
  A black bear (Lair:4)
  9 orc warriors
  2 ice beasts
  3 wolves (Lair:4)
  6 ogres
  A centaur (D:7)
  3 crocodiles
  A komodo dragon zombie (Lair:5)
  21 bullfrogs
  Dowan (D:7)
  4 scorpions
  3 howler monkeys
  5 electric eels
  A centaur zombie (D:5)
  5 crimson imps
  6 orc priests
  6 hounds
  Ijyb (D:4)
  5 hell rats (Lair:3)
  13 orc wizards
  8 worker ants
  2 crocodile zombies (Lair:5)
  Robin (D:4)
  A howler monkey skeleton (D:4)
  8 adders
  4 river rats (Lair:3)
  3 shadow imps
  2 oozes
  An adder zombie (D:9)
  6 worms
  A dart slug (D:2)
  8 leopard geckos
  52 orcs
  4 ball pythons
  6 bats
  7 giant cockroaches
  19 goblins
  11 hobgoblins
  9 jackals
  8 kobolds
  4 quokkas
  9 frilled lizards
  2 leopard gecko skeletons (D:4)
  A quokka skeleton (D:7)
  18 rats
  8 bushes
  5 fungi
  22 plants
518 creatures vanquished.

Vanquished Creatures (others)
  4 dream sheep (Lair:1)
  An orc wizard (D:7)
  3 bushes (Lair:6)
  16 fungi
  26 plants
50 creatures vanquished.

Grand Total: 568 creatures vanquished

Notes
Turn   | Place    | Note
-------+----------+-------------------------------------------
     0 | D:1      | Mikauls the Minotaur Berserker began the quest for the Orb.
     0 | D:1      | Reached XP level 1. HP: 19/19 MP: 0/0
   144 | D:1      | Reached XP level 2. HP: 19/27 MP: 1/1
   145 | D:1      | Reached skill level 4 in Axes
   583 | D:1      | Reached ** piety under Trog
   607 | D:1      | Reached XP level 3. HP: 31/34 MP: 2/2
  1135 | D:2      | Reached XP level 4. HP: 38/41 MP: 3/3
  1201 | D:2      | Found a snail-covered altar of Cheibriados.
  1464 | D:2      | Reached skill level 5 in Axes
  1464 | D:2      | Reached XP level 5. HP: 41/47 MP: 4/4
  1591 | D:2      | Found a sacrificial altar of Ru.
  2061 | D:3      | Reached skill level 5 in Fighting
  2153 | D:3      | Reached *** piety under Trog
  2823 | D:4      | Found a white marble altar of Elyvilon.
  2825 | D:4      | Found an ornate altar of the Wu Jian Council.
  2828 | D:4      | Found an opulent altar of Gozag.
  2878 | D:4      | Found a snail-covered altar of Cheibriados.
  3049 | D:4      | Noticed Ijyb
  3060 | D:4      | Killed Ijyb
  3060 | D:4      | Reached skill level 1 in Throwing
  3060 | D:4      | Reached XP level 6. HP: 30/56 MP: 5/5
  3224 | D:4      | Noticed Edmund
  3238 | D:4      | Killed Edmund
  3238 | D:4      | Reached skill level 6 in Axes
  3238 | D:4      | Reached skill level 1 in Stealth
  3238 | D:4      | Reached skill level 1 in Shields
  3363 | D:4      | Noticed Robin
  3377 | D:4      | Killed Robin
  3728 | D:4      | Noticed Menkaure
  3731 | D:4      | Killed Menkaure
  3731 | D:4      | Reached XP level 7. HP: 61/61 MP: 6/6
  3872 | D:5      | Entered Level 5 of the Dungeon
  4013 | D:5      | Reached skill level 7 in Axes
  4364 | D:5      | Reached **** piety under Trog
  4855 | D:6      | Found a runed door.
  4856 | D:6      | Noticed a wolf spider
  4856 | D:6      | Noticed blackflag1's ghost (novice SpCj)
  4941 | D:6      | Reached skill level 8 in Axes
  4941 | D:6      | Reached XP level 8. HP: 70/70 MP: 7/7
  5076 | D:6      | Reached skill level 5 in Armour
  5166 | D:6      | Reached skill level 1 in Evocations
  5274 | D:6      | Found a staircase to the Ecumenical Temple.
  5433 | D:6      | Found Uxainayl's Antique Weapon Shoppe.
  5441 | D:6      | Bought a runed hand axe for 132 gold pieces
  5726 | D:7      | Reached skill level 9 in Axes
  5787 | D:7      | Noticed Dowan
  5789 | D:7      | Noticed Duvessa
  5806 | D:7      | Killed Duvessa
  5812 | D:7      | Killed Dowan
  5819 | D:7      | Reached XP level 9. HP: 78/78 MP: 8/8
  5953 | D:7      | Noticed Joseph
  5974 | D:7      | Killed Joseph
  5974 | D:7      | Reached skill level 10 in Axes
  5974 | D:7      | Reached skill level 5 in Dodging
  6027 | D:7      | Reached ***** piety under Trog
  6638 | D:8      | Found a staircase to the Lair.
  6666 | D:8      | Reached skill level 11 in Axes
  6770 | D:8      | Found a bloodstained altar of Trog.
  6781 | D:8      | Noticed a two-headed ogre
  6788 | D:8      | Killed a two-headed ogre
  6862 | D:8      | Noticed Prince Ribbit
  6869 | D:8      | Reached XP level 10. HP: 81/88 MP: 9/9
  6974 | D:8      | Killed Prince Ribbit
  7481 | D:9      | Found a sparkling altar of Nemelex Xobeh.
  7481 | D:9      | Found a shimmering altar of Xom.
  7496 | D:9      | Found a staircase to the Orcish Mines.
  7504 | Orc:1    | Entered Level 1 of the Orcish Mines
  7543 | D:9      | Found a burning altar of Makhleb.
  7610 | D:9      | Found a glowing silver altar of Zin.
  7664 | D:9      | Found a glowing golden altar of the Shining One.
  7667 | D:9      | Found a hazy altar of Hepliaklqana.
  7669 | D:9      | Found an iron altar of Okawaru.
  7670 | D:9      | Found a blossoming altar of Fedhas.
  7800 | Orc:1    | Received a gift from Trog
  7801 | Orc:1    | Got a slimy hand crossbow {god gift}
  7830 | Orc:1    | Reached skill level 12 in Axes
  7837 | Orc:1    | Found a roughly hewn altar of Beogh.
  7967 | D:6      | Bought an ichor-stained executioner's axe for 330 gold
                  | pieces
  7976 | D:6      | Identified the +10 executioner's axe of the Blind Eye
                  | {freeze, rF+ rC- rN+ Int+4} (You bought it in a shop on
                  | level 6 of the Dungeon)
  7977 | D:6      | Identified the +3 hand crossbow of Distraction {venom, MR+}
                  | (Trog gifted it to you on level 1 of the Orcish Mines)
  8142 | Orc:2    | Entered Level 2 of the Orcish Mines
  8281 | Orc:1    | Noticed an orc warlord
  8433 | Orc:2    | Noticed an orc high priest
  8435 | Orc:2    | Noticed an orc warlord
  8436 | Orc:2    | Noticed a soul eater
  8436 | Orc:2    | Noticed a soul eater
  8445 | Orc:2    | Noticed a smoke demon
  9147 | Lair:1   | Entered Level 1 of the Lair of Beasts
  9181 | Lair:1   | Reached skill level 13 in Axes
  9191 | Lair:1   | Noticed a black mamba
  9196 | Lair:1   | Killed a black mamba
  9236 | Lair:1   | Noticed a spiny frog
  9238 | Lair:1   | Killed a spiny frog
  9255 | Lair:1   | Noticed a four-headed hydra
  9645 | Lair:1   | Reached skill level 14 in Axes
  9677 | Lair:1   | Reached XP level 11. HP: 97/97 MP: 10/10
  9886 | Lair:1   | Noticed Sonja
  9894 | Lair:1   | Killed Sonja
  9947 | Lair:1   | Reached skill level 15 in Axes
 10000 | Lair:1   | Found a shimmering altar of Xom.
 10232 | Lair:1   | Killed a six-headed hydra
 10758 | Lair:2   | Reached skill level 10 in Fighting
 10760 | Lair:2   | Received a gift from Trog
 10839 | Lair:2   | Got an ancient scale mail
 10850 | Lair:2   | Identified the +6 scale mail of Generosity {rElec rF- rCorr
                  | Dex+4} (You found it on level 2 of the Lair of Beasts)
 10868 | Lair:2   | Reached skill level 16 in Axes
 11562 | Lair:3   | Reached XP level 12. HP: 105/108 MP: 12/12
 11758 | Lair:3   | Found a staircase to the Swamp.
 12019 | Lair:3   | Found a staircase to the Snake Pit.
 12130 | Lair:3   | Reached skill level 17 in Axes
 12531 | Snake:1  | Entered Level 1 of the Snake Pit
 12905 | Swamp:1  | Entered Level 1 of the Swamp
 12931 | Swamp:1  | Noticed a seven-headed hydra
 12951 | Lair:3   | Killed a seven-headed hydra
 13296 | Lair:4   | Found the +5 scythe "Finisher" {speed, Str+3}
 13363 | Lair:4   | Reached skill level 18 in Axes
 13639 | Lair:5   | Noticed an eight-headed hydra
 13643 | Lair:4   | Killed an eight-headed hydra
 14078 | Lair:5   | Noticed a catoblepas
 14087 | Lair:5   | Killed a catoblepas
 14151 | Lair:5   | Reached XP level 13. HP: 115/116 MP: 13/13
 14318 | Lair:6   | Entered Level 6 of the Lair of Beasts
 14331 | Lair:5   | Reached skill level 19 in Axes
 14648 | Lair:6   | Received a gift from Trog
 14652 | Lair:6   | Reached skill level 10 in Armour
 15651 | Lair:6   | Reached skill level 20 in Axes
 15654 | Lair:6   | HP: 1/117 [seven-headed hydra (10)]
 16628 | Lair:6   | Received a gift from Trog
 16833 | Lair:6   | Found a viscous altar of Jiyva.
 16833 | Lair:6   | Found a staircase to the Slime Pits.
 17397 | Slime:1  | Entered Level 1 of the Pits of Slime
 17410 | Slime:1  | Gained mutation: You are weak. (Str -2) [a shining eye]
 17444 | Slime:1  | Reached XP level 14. HP: 115/126 MP: 14/14
 17445 | Slime:1  | Gained mutation: You tend to lose your temper in combat. [a
                  | shining eye]
 18451 | Swamp:1  | Reached skill level 21 in Axes
 18536 | Swamp:1  | Lost mutation: You are weak. (Str -2) [potion of mutation]
 18536 | Swamp:1  | Lost mutation: You tend to lose your temper in combat.
                  | [potion of mutation]
 18536 | Swamp:1  | Gained mutation: You have sharp fingernails. [potion of
                  | mutation]
 18536 | Swamp:1  | Gained mutation: You tend to lose your temper in combat.
                  | [potion of mutation]
 18536 | Swamp:1  | Gained mutation: You are agile. (Dex +2) [potion of
                  | mutation]
 18536 | Swamp:1  | Gained mutation: You have a pair of large horns on your
                  | head. [potion of mutation]
 18651 | Swamp:1  | HP: 4/127 [swamp dragon] (4)]
 18651 | Swamp:1  | Succumbed to a swamp dragon's poison gas

Skill      XL: |  1  2  3  4  5  6  7  8  9 10 11 12 13 14 |
---------------+-------------------------------------------+-----
Axes           | 4 5 6 8 9 11 14 16 18 20 21 | 21.1
Fighting       | 4 5 6 8 9 10 11 12 | 12.3
Dodging        | 3 4 6 7 |  7.4
Armour         | 3 4 6 7 8 9 10 | 10.7
Throwing       | 1 |  1.3
Stealth        | 1 |  1.0
Shields        | 1 2 3 4 |  4.0
Evocations     | 1 |  1.9

Action                   |  1- 3 |  4- 6 |  7- 9 | 10-12 | 13-15 || total
-------------------------+-------+-------+-------+-------+-------++-------
Melee: Hand axe          |    77 |   133 |   267 |    83 |       ||   560
       Headbutt          |    14 |    19 |    67 |    64 |    56 ||   220
       Executioner's axe |       |       |       |   288 |   217 ||   505
Throw: Stone             |       |     2 |       |       |       ||     2
       Tomahawk          |       |       |       |     3 |     2 ||     5
Invok: Berserk           |       |       |       |       |     1 ||     1
       Trog's Hand       |       |       |       |       |     1 ||     1
Evoke: Wand              |       |     3 |     1 |     9 |     6 ||    19
  Use: Scroll            |     9 |     3 |     3 |     9 |    11 ||    35
       Potion            |       |     1 |       |       |    10 ||    11
  Eat: Chunk             |     1 |     8 |    13 |    19 |     9 ||    50
       Ration            |       |       |     2 |     1 |     2 ||     5
Armor: Animal skin       |     6 |       |       |       |       ||     6
       Ring mail         |     5 |    30 |       |       |       ||    35
       Scale mail        |       |     7 |    55 |    94 |   107 ||   263
       Plate armour      |       |       |       |    34 |       ||    34
Dodge: Dodged            |    44 |    68 |   119 |   369 |   256 ||   856
Block: Buckler           |     2 |    35 |    62 |    28 |       ||   127
